 Dungeon Crawl Stone Soup version 0.31.0-11-ge490571c62 (webtiles) character file.

Game seed: 8588821743825939601

60 Fodor the Trooper (level 3, -6/33 HPs)
             Began as a Minotaur Fighter on Jan 27, 2024.
             Mangled by a gnoll
             ... wielding a +0 club
              (9 damage)
             ... on level 2 of the Dungeon.
             The game lasted 00:08:40 (2121 turns).

Fodor the Trooper (Minotaur Fighter)                Turns: 2121, Time: 00:08:40

Health: -6/33      AC: 22    Str: 22    XL:     3   Next: 82%
Magic:  2/2        EV:  3    Int:  5    God:
Gold:   142        SH:  0    Dex: 15    Spells: 2/2 levels left

rFire   . . .        a - +0 war axe
rCold   . . .        b - orb {mayhem}
rNeg    . . .        p - +0 crystal plate armour
rPois   .            (helmet restricted)
rElec   .            o - +2 cloak
rCorr   .            f - +1 pair of gloves
SInv    .            (no boots)
Will    .....        (no amulet) Stlth
                     h - +6 ring of dexterity
HPRegen 0.25/turn    (no ring)
MPRegen 0.08/turn

%: mayhem
@: no status effects
A: horns 2, retaliatory headbutt
a: no special abilities


You were on level 2 of the Dungeon.
You visited 1 branch of the dungeon, and saw 4 of its levels.

You collected 142 gold pieces.

Inventory:

Hand Weapons
 a - a +0 war axe (weapon)
Armour
 b - an orb of mayhem (worn)
 f - a +1 pair of gloves (worn)
 n - a +0 tower shield
 o - a +2 cloak (worn)
 p - a +0 crystal plate armour (worn)
Jewellery
 h - a +6 ring of dexterity (left hand)
 m - an amulet of faith
Scrolls
 c - 3 scrolls of amnesia {unknown}
 g - 2 scrolls of teleportation {unknown}
 i - a scroll of blinking {unknown}
 k - a scroll of enchant weapon {unknown}
 l - 3 scrolls of identify {unknown}
 q - a scroll of poison {unknown}
Potions
 d - a potion of might
 e - a potion of ambrosia {unknown}
 j - 4 potions of heal wounds {unknown}
 r - 2 potions of brilliance {unknown}


   Skills:
 + Level 4.3 Fighting
 + Level 3.4 Axes
 + Level 4.2 Armour
 + Level 4.1 Shields


You had 2 spell levels left.
You didn't know any spells.
Your spell library contained the following spells:

 Spells                   Type           Power      Damage    Failure   Level
 Freeze                   Ice            0%         1d3       100%        1
 Frozen Ramparts          Ice            0%         1d1       100%        3
 Hailstorm                Conj/Ice       0%         3d5       100%        3


Dungeon Overview and Level Annotations

Branches:
Dungeon (4/15)
 Temple: D:4-7

Altars:


Innate Abilities, Weirdness & Mutations

You have a pair of horns on your head.
You reflexively headbutt those who attack you in melee.


Message History

The hobgoblin hits you but does no damage.
A gnoll comes into view. It is wielding a +0 club.
The hobgoblin hits you.
You closely miss the hobgoblin. Your headbutt misses the hobgoblin.
The hobgoblin completely misses you.
You barely miss the hobgoblin.
The hobgoblin hits you but does no damage.
You hit the hobgoblin. You headbutt the hobgoblin.
You kill the hobgoblin!
The gnoll flies into a frenzy!
You barely miss the gnoll. The gnoll hits you but does no damage.
The gnoll hits you with a +0 club! The gnoll hits you but does no damage.
The gnoll barely misses you.
Things that are here:
a gold piece; a +0 leather armour You hit the gnoll.
The gnoll is heavily wounded.
The gnoll hits you but does no damage. The gnoll hits you with a +0 club.
You hit the gnoll but do no damage. Your headbutt misses the gnoll.
The gnoll is heavily wounded.
The gnoll hits you but does no damage. x2
You barely miss the gnoll. Your headbutt misses the gnoll.
The gnoll is heavily wounded.
The gnoll hits you with a +0 club.
A rat comes into view.
The gnoll hits you but does no damage.
You hit the gnoll.
The gnoll is severely wounded.
The gnoll hits you with a +0 club.
* * * LOW HITPOINT WARNING * * *
The gnoll hits you but does no damage.
You closely miss the gnoll.
The gnoll is severely wounded.
You hit the rat.
You kill the rat!
The gnoll hits you but does no damage. The gnoll hits you with a +0 club!
* * * LOW HITPOINT WARNING * * *
You hit the gnoll but do no damage.
The gnoll is severely wounded.
The gnoll hits you but does no damage. The gnoll hits you with a +0 club!
You die...

# ..# # ..# # ...# # ..#
# ..# . #
##+#######+#######'##..#
#
.................†....#
#
................@.....#
#
................g.....#
#
##'#######'#######'####
# #...## ##...## ..# #
.....###..†..## ..# #
......#.......# ...# #
......#.......# ..# #
......#.......# ..# #
.....###.....##
############


You could see a neutral gnoll (fast, strong, frenzied).

Vanquished Creatures
  A dart slug (D:1)
  A ribbon worm (D:3)
  An endoplasm (D:2)
  5 giant cockroaches
  7 goblins
  3 hobgoblins
  6 jackals
  2 quokkas
  3 ball pythons (D:1)
  6 bats
  4 frilled lizards
  3 kobolds (D:1)
  11 rats
53 creatures vanquished.

Vanquished Creatures (collateral kills)
  A ball python (D:2)
1 creature vanquished.

Grand Total: 54 creatures vanquished

Notes
Turn   | Place    | Note
-------+----------+-------------------------------------------
     0 | D:1      | Fodor the Minotaur Fighter began the quest for the Orb.
     0 | D:1      | Reached XP level 1. HP: 19/19 MP: 0/0
   275 | D:1      | Reached XP level 2. HP: 27/27 MP: 1/1
   623 | D:1      | Reached XP level 3. HP: 33/33 MP: 2/2
  1568 | D:2      | You fall into a shaft and drop 2 floors!
  2121 | D:2      | Mangled by a gnoll

Illustrated notes

Levels and vault maps discovered:
D:1:      amcnicky_arrival_double_pillar, layout_loops_ring,
          minmay_misc_feat_pillars
D:2:      kennysheep_six_static_rooms, layout_basic, minmay_octomino_e4
D:3:      layout_rooms, uniq_sigmund
D:4:      layout_gridville, cheibrodos_gnoll_hut

Skill      XL: |  1  2  3 |
---------------+----------+-----
Shields        | 4 |  4.1
Fighting       | 4 |  4.3
Armour         | 4 |  4.2
Axes           | 3 |  3.4

Action                     || total
---------------------------++-------
  Melee: War axe           ||   123
         Headbutt          ||     7
 Armour: Scale mail        ||    57
         Crystal plate arm ||    61
  Dodge: Dodged            ||    38
  Block: Buckler           ||    26
         Tower shield      ||    22
